 Dungeon Crawl Stone Soup version 0.29.1-4-g47bece8355 (webtiles) character file.

Game seed: 16898030206521226608

212 IcyTea the Cudgeller (level 5, 0/47 HPs)
             Began as a Gnoll Cinder Acolyte on Dec 9, 2022.
             Was a High Priest of Ignis.
             Slain by a wyvern (2 damage)
             ... on level 7 of the Dungeon.
             The game lasted 00:12:43 (4117 turns).

IcyTea the Cudgeller (Gnoll Cinder Acolyte)         Turns: 4117, Time: 00:12:44

Health: 0/47       AC:  9    Str: 12 (14) XL:     5   Next: 89%
Magic:  1/9        EV:  9    Int: 14 (15) God:    Ignis [*****.]
Gold:   53         SH:  0    Dex:  6 (7)  Spells: 8/10 levels left

rFire   + . .      SeeInvis .   w - +2 whip (elec)
rCold   . . .      Faith    .   (no shield)
rNeg    . . .      Spirit   .   r - +2 scale mail {rPois}
rPois   +          Reflect  .   (no helmet)
rElec   .          Harm     .   (no cloak)
rCorr   .          Rampage  .   y - +0 pair of gloves
Will    .....                   (no boots)
Stlth   ..........              (no amulet)
HPRegen 0.15/turn               (no ring)
MPRegen 0.11/turn               (no ring)

@: very slightly contaminated
A: fangs 1, strong nose, distributed training
a: Renounce Religion, Fiery Armour, Foxfire Swarm, Rising Flame


You were on level 7 of the Dungeon.
You worshipped Ignis.
Ignis was extremely pleased with you.
You visited 1 branch of the dungeon, and saw 5 of its levels.

You collected 186 gold pieces.
You spent 133 gold pieces at shops.

Inventory:

Hand Weapons
 a - a -1 mace of flaming
 b - a +0 rapier
 w - a +2 whip of electrocution (weapon)
Armour
 r - a +2 scale mail of poison resistance (worn)
 y - a +0 pair of gloves (worn)
Jewellery
 d - an amulet of guardian spirit
Wands
 z - a wand of acid (8)
Scrolls
 h - 3 scrolls of magic mapping
 j - a scroll of blinking
 k - 3 scrolls of teleportation
 m - 2 scrolls of amnesia {unknown}
 n - 2 scrolls of immolation
 o - 2 scrolls of noise {unknown}
 t - a scroll of fog {unknown}
 x - 2 scrolls of enchant armour {unknown}
Potions
 c - 2 potions of curing
 e - a potion of lignification {unknown}
 f - a potion of resistance {unknown}
 g - a potion of brilliance {unknown}
 i - a potion of invisibility {unknown}
 l - a potion of ambrosia {unknown}
 p - 2 potions of heal wounds {unknown}
 q - a potion of cancellation {unknown}
 s - 4 potions of mutation {unknown}
 u - a potion of flight {unknown}
 v - a potion of magic {unknown}
 A - a potion of berserk rage {unknown}


   Skills:
 + Level 6.7 Fighting
 + Level 1.7 Short Blades
 + Level 1.7 Long Blades
 + Level 1.7 Axes
 + Level 6.7 Maces & Flails
 + Level 1.7 Polearms
 + Level 1.7 Staves
 + Level 1.7 Ranged Weapons
 + Level 1.7 Throwing
 + Level 1.7 Armour
 + Level 1.7 Dodging
 + Level 1.7 Stealth
 + Level 1.7 Shields
 + Level 1.7 Unarmed Combat
 + Level 3.3 Spellcasting
 + Level 1.3 Conjurations
 + Level 1.3 Hexes
 + Level 1.3 Summonings
 + Level 1.3 Necromancy
 + Level 1.3 Translocations
 + Level 1.3 Transmutations
 + Level 5.6 Fire Magic
 + Level 1.3 Ice Magic
 + Level 1.3 Air Magic
 + Level 1.3 Earth Magic
 + Level 1.3 Poison Magic
 + Level 2.0 Invocations
 + Level 1.7 Evocations


You had 8 spell levels left.
You knew the following spells:

 Your Spells              Type           Power      Damage    Failure   Level
a - Scorch                Fire           36%        2d7       16%         2

Your spell library contained the following spells:

 Spells                   Type           Power      Damage    Failure   Level
 Sandblast                Erth           12%        2d6       52%         1
 Ensorcelled Hibernation  Hex/Ice        12%        N/A       67%         2
 Passwall                 Tmut/Erth      5%         N/A       67%         2
 Stone Arrow              Conj/Erth      12%        3d7       88%         3
 Swiftness                Air            6%         N/A       88%         3


Dungeon Overview and Level Annotations

Branches:
Dungeon (4/15)
 Temple: D:4-7

Altars:
Dithmenos
Elyvilon
Fedhas
Kikubaaqudgha
Uskayaw
Yredelemnul

Shops:
D:1 *:


Innate Abilities, Weirdness & Mutations

You have very sharp teeth.
Your uncanny sense of smell can sniff out nearby items.
Your experience applies equally to all skills.


Message History

Press: ? - help, Q - select action, (/) - cycle Dir - look around, f - activate You miscast Scorch.
You are very lightly contaminated with residual magic.
Nothing appears to happen.
The wyvern bites you!
Casting: Scorch (safe; 16% risk of failure)
Press: ? - help, Q - select action, (/) - cycle Dir - look around, f - activate You miscast Scorch.
Nothing appears to happen.
The wyvern closely misses you.
The wyvern bites you but does no damage.
Unknown command.
Casting: Scorch (safe; 16% risk of failure)
Press: ? - help, Q - select action, (/) - cycle Dir - look around, f - activate Flames lash the wyvern.
The wyvern is burned terribly!
The wyvern is severely wounded.
The wyvern bites you!
You don't have enough magic to cast this spell.
You don't have enough magic to cast this spell.
You hit the wyvern.
The wyvern is almost dead.
The wyvern bites you but does no damage.
You barely miss the wyvern.
The wyvern is almost dead.
The wyvern bites you but does no damage.
You closely miss the wyvern.
The wyvern is almost dead.
The wyvern bites you!
* * * LOW HITPOINT WARNING * * *
You barely miss the wyvern.
The wyvern is almost dead.
The wyvern hisses menacingly.
The wyvern bites you!
* * * LOW HITPOINT WARNING * * *
You hit the wyvern but do no damage.
The wyvern is almost dead.
The wyvern barely misses you.
You hit the wyvern but do no damage.
The wyvern is almost dead.
The wyvern bites you.
You die...

.......
..[....
$......
.......
.......
.......
...!...###
#.l@.#
####.# #.#
########.#
#........#
∆
#........#
#........##
#.........#
#.........#


You could see a wyvern (combustible).

Vanquished Creatures
  Natasha (twice) (D:2)
  Terence (D:2)
  2 adders (D:3)
  A gnoll (D:1)
  A worm (D:4)
  2 dart slugs
  3 orcs (D:3)
  6 ball pythons
  10 endoplasms
  6 giant cockroaches
  9 goblins
  10 hobgoblins
  10 jackals
  7 kobolds
  3 quokkas
  2 bats
  5 frilled lizards
  8 rats
88 creatures vanquished.

Vanquished Creatures (others)
  2 plants (D:1)
2 creatures vanquished.

Grand Total: 90 creatures vanquished

Notes
Turn   | Place    | Note
-------+----------+-------------------------------------------
     0 | D:1      | IcyTea the Gnoll Cinder Acolyte began the quest for the
                  | Orb.
     0 | D:1      | Reached XP level 1. HP: 23/23 MP: 4/4
    25 | D:1      | Found Qyhecw's Assorted Antiques.
    55 | D:1      | Reached XP level 2. HP: 15/29 MP: 5/5
    58 | D:1      | Learned a level 2 spell: Scorch
   807 | D:1      | Reached XP level 3. HP: 18/35 MP: 7/7
  1271 | D:1      | Reached skill level 1 in Invocations
  1420 | D:1      | Found a faded altar of an unknown god.
  1457 | D:1      | Found Useiv's Book Boutique.
  1561 | D:1      | Bought a scroll of identify for 38 gold pieces
  1561 | D:1      | Bought a scroll labelled CIPHOTH RURRU for 19 gold pieces
  1660 | D:2      | Reached skill level 1 in Short Blades
  1660 | D:2      | Reached skill level 1 in Long Blades
  1660 | D:2      | Reached skill level 1 in Axes
  1660 | D:2      | Reached skill level 1 in Polearms
  1660 | D:2      | Reached skill level 1 in Staves
  1660 | D:2      | Reached skill level 1 in Ranged Weapons
  1660 | D:2      | Reached skill level 1 in Throwing
  1660 | D:2      | Reached skill level 1 in Armour
  1660 | D:2      | Reached skill level 1 in Dodging
  1660 | D:2      | Reached skill level 1 in Stealth
  1660 | D:2      | Reached skill level 1 in Shields
  1660 | D:2      | Reached skill level 1 in Unarmed Combat
  1660 | D:2      | Reached skill level 1 in Evocations
  1686 | D:2      | Noticed Terence
  1701 | D:2      | Killed Terence
  1702 | D:2      | Reached XP level 4. HP: 13/41 MP: 0/8
  2082 | D:2      | Reached skill level 1 in Conjurations
  2082 | D:2      | Reached skill level 1 in Hexes
  2082 | D:2      | Reached skill level 1 in Summonings
  2082 | D:2      | Reached skill level 1 in Necromancy
  2082 | D:2      | Reached skill level 1 in Translocations
  2082 | D:2      | Reached skill level 1 in Transmutations
  2082 | D:2      | Reached skill level 1 in Ice Magic
  2082 | D:2      | Reached skill level 1 in Air Magic
  2082 | D:2      | Reached skill level 1 in Earth Magic
  2082 | D:2      | Reached skill level 1 in Poison Magic
  2369 | D:2      | Noticed Natasha
  2394 | D:2      | Killed Natasha
  2427 | D:2      | Noticed Natasha
  2681 | D:2      | Killed Natasha
  2682 | D:2      | Reached XP level 5. HP: 43/47 MP: 9/9
  2925 | D:1      | Bought a scroll labelled KAGEBB PUURR for 19 gold pieces
  2925 | D:1      | Bought a scroll labelled EWIAHIUFAX for 19 gold pieces
  3030 | D:3      | Found a blossoming altar of Fedhas.
  3030 | D:3      | Found a shadowy altar of Dithmenos.
  3030 | D:3      | Found a basalt altar of Yredelemnul.
  3042 | D:3      | Found a hide-covered altar of Uskayaw.
  3045 | D:3      | Found an ancient bone altar of Kikubaaqudgha.
  3475 | D:3      | Found a white marble altar of Elyvilon.
  3743 | D:1      | Bought a scroll labelled MIHEVAXTARY for 19 gold pieces
  3743 | D:1      | Bought a scroll labelled WOZEJU HAOL for 19 gold pieces
  4098 | D:4      | You fall into a shaft and drop 3 floors!
  4106 | D:7      | Noticed a wyvern
  4115 | D:7      | HP: 2/47 [wyvern (12)]
  4117 | D:7      | Slain by a wyvern

Illustrated notes

Levels and vault maps discovered:
D:1:      nzn_arrival_depleted_hourglass, layout_basic,
          dilly_ecumenical_altar_fadedgnrine, serial_shops, nicolae_square_shop,
          nicolae_shop_advertising_works [nicolae_subvault_shop_adworks]
D:2:      layout_basic, uniq_natasha, uniq_terence
D:3:      minmay_angry_zag, layout_loops_cross, minmay_overflow_temple_star_hex,
          mainiacjoe_overflow_catwalk
D:4:      layout_basic, minmay_temple_entry_proselytizer, serial_shops,
          nicolae_inconvenience_store, uniq_robin
D:7:      layout_basic

Skill      XL: |  1  2  3  4  5 |
---------------+----------------+-----
Invocations    | 1 2 |  2.0
Short Blades   | 1 |  1.7
Long Blades    | 1 |  1.7
Axes           | 1 |  1.7
Polearms       | 1 |  1.7
Staves         | 1 |  1.7
Ranged Weapons | 1 |  1.7
Throwing       | 1 |  1.7
Armour         | 1 |  1.7
Dodging        | 1 |  1.7
Stealth        | 1 |  1.7
Shields        | 1 |  1.7
Unarmed Combat | 1 |  1.7
Evocations     | 1 |  1.7
Spellcasting   | 3 |  3.3
Conjurations   | 1 |  1.3
Hexes          | 1 |  1.3
Summonings     | 1 |  1.3
Necromancy     | 1 |  1.3
Translocations | 1 |  1.3
Transmutations | 1 |  1.3
Ice Magic      | 1 |  1.3
Air Magic      | 1 |  1.3
Earth Magic    | 1 |  1.3
Poison Magic   | 1 |  1.3
Fighting       | |  6.7
Maces & Flails | |  6.7
Fire Magic     | |  5.6

Action                   |  1- 3 |  4- 6 || total
-------------------------+-------+-------++-------
Melee: Mace              |   114 |   155 ||   269
       Bite              |    16 |    20 ||    36
       Punch             |     3 |     4 ||     7
       Whip              |       |    36 ||    36
 Cast: Scorch            |     6 |     2 ||     8
  Use: Scroll            |     2 |     2 ||     4
       Potion            |       |     2 ||     2
Armor: Robe              |     4 |       ||     4
       Leather armour    |    10 |     1 ||    11
       Chain mail        |       |    84 ||    84
       Scale mail        |       |    25 ||    25
Dodge: Dodged            |    63 |    43 ||   106
